 Dungeon Crawl Stone Soup version 0.20-a0-1122-gb7cbeb9 (webtiles) character file.

40 Kurtz the Cudgeler (level 3, 0/29 HPs)
             Began as a Mummy Abyssal Knight on May 12, 2017.
             Was a Believer of Lugonu.
             Slain by a jackal (1 damage)
             ... on level 1 of the Dungeon.
             The game lasted 00:01:30 (1610 turns).

Kurtz the Cudgeler (Mummy Abyssal Knight)           Turns: 1610, Time: 00:01:31

Health: 0/29       AC:  3    Str: 15    XL:     3   Next: 30%
Magic:  3/4        EV:  8    Int:  8    God:    Lugonu [**....]
Gold:   100        SH:  7    Dex: 12    Spells: 2/2 levels left

rFire    . . .     SeeInvis .   a - +1 mace
rCold    + . .     Gourm    .   c - +0 shield
rNeg     + + +     Faith    .   b - +0 leather armour
rPois    ∞         Spirit   .   (no helmet)
rElec    .         Reflect  .   (no cloak)
rCorr    .         Harm     .   (no gloves)
MR       .....                  (no boots)
Stlth    +.........             (no amulet)
Regen    0.1/turn               h - -3 ring of intelligence (curse)
MPRegen  0.1/turn               d - ring of protection from fire

@: no status effects
A: no food or potions, fire vulnerability, cold resistance 1, negative energy
resistance 3, torment resistance, unbreathing
a: Depart the Abyss, Bend Space, Renounce Religion


You were on level 1 of the Dungeon.
You worshipped Lugonu.
Lugonu was pleased with you.
You were not hungry.

You visited 1 branch of the dungeon, and saw 2 of its levels.
You visited the Abyss 1 time.

You collected 100 gold pieces.

Inventory:

Hand Weapons
 a - a +1 mace (weapon)
Armour
 b - a +0 leather armour (worn)
 c - a +0 shield (worn)
Jewellery
 d - a ring of protection from fire (right hand)
 h - a cursed -3 ring of intelligence (left hand)
 i - an uncursed ring of protection from magic {unknown}
Scrolls
 e - a scroll of fog
 f - a scroll of identify
 g - a scroll of amnesia


   Skills:
 - Level 3.0 Fighting
 * Level 3.1 Maces & Flails
 - Level 1.5 Armour
 - Level 0.7 Dodging
 - Level 1.5 Invocations


You had 2 spell levels left.
You didn't know any spells.

Dungeon Overview and Level Annotations

Branches:
Dungeon (2/15)

Altars:
Gozag
The Shining One


Innate Abilities, Weirdness & Mutations

You do not eat or drink.
Your flesh is vulnerable to fire.
You are immune to poison.
Your flesh is cold resistant. (rC+)
You are immune to negative energy. (rN+++)
You are immune to unholy pain and torment.
You can survive without breathing.


Message History

The jackal barely misses you.
You see here a leather armour.
The jackal barely misses you.
You see here a lumpy brown potion.
The jackal bites you but does no damage.
There is an escape hatch in the ceiling here.
You block the jackal's attack. The leopard gecko bites you.
* * * LOW HITPOINT WARNING * * *
The jackal bites you.
* * * LOW HITPOINT WARNING * * *
A mysterious force pulls you upwards. The hatch slams shut behind you.
Unknown command.
Okay, then.
Space bends around you!
You blink.
Okay, then.
As you read the scroll labeled WIFIGHEPON, it crumbles to dust.
It is a scroll of identify.
g - a scroll of amnesia The jackal bites you.
You die...

#.# #......%.###### ##.P....
#.# #.............# ###.... #.#
#...##.######## ##.... #.#
##.###.# ##..... #.# #.# #.#
##....## #.# #.###.# #...####
#.# #.##..### #..###.# #.#
#...)...# #.####.#
#.######.##.##@## #.......
#........##.#h).########..###.#
###########l..................#
###...#######.#.###.#
##........(..>.....
##################


You could see a leopard gecko and a jackal.

Vanquished Creatures
  2 worms (D:2)
  2 leopard geckos
  A ball python (D:2)
  3 giant cockroaches
  A goblin (D:2)
  4 hobgoblins
  2 jackals (D:2)
  6 kobolds
  5 bats
  A frilled lizard (D:2)
  3 rats
30 creatures vanquished.

Notes
Turn   | Place    | Note
-------+----------+-------------------------------------------
     0 | Abyss:1  | Kurtz the Mummy Abyssal Knight began the quest for the Orb.
     0 | Abyss:1  | Reached XP level 1. HP: 18/18 MP: 2/2
     5 | D:1      | Escaped the Abyss
   862 | D:1      | Reached XP level 2. HP: 19/24 MP: 3/3
  1203 | D:2      | Found an opulent altar of Gozag.
  1218 | D:2      | Found a glowing golden altar of the Shining One.
  1273 | D:2      | Reached ** piety under Lugonu
  1283 | D:2      | Reached XP level 3. HP: 13/29 MP: 4/4
  1610 | D:1      | Slain by a jackal

Vault maps used:
D:1:      lemuel_arrival_muddy
D:2:      lemuel_doored_altar, grunt_gozag_statues
Abyss:1:  lemuel_flamethrower_2

Skill      XL: |  1  2  3 |
---------------+----------+-----
Maces & Flails | 2 3 |  3.1
Fighting       | |  3.0
Armour         | |  1.5
Dodging        | |  0.7
Invocations    | |  1.5

Action                   || total
-------------------------++-------
Melee: Mace              ||   118
Invok: Bend Space        ||     1
  Use: Scroll            ||     2
Armor: Leather armour    ||    49
Dodge: Dodged            ||    46
Block: Shield            ||    51
